Map: 하드와이어 - 래더

Players

하스 (Has)

  • Race: Protoss Protoss
  • League: Master

cyan - Winner!

  • Race: Protoss Protoss
  • League: Grandmaster

Event: DreamHack SC2 Masters Last Chance 2022

VOD

Have the link to the VOD?

Description

Time

  • Played on: Dec. 15, 2021, 5:57 a.m.
  • Length: 8:40

All games in this series

Show
View Real Time Build Order
Export as new Build Order

하스 Protoss 

Build Orders: 1 Gate Expand 

Get SALT Encoding   

  12  0:00  Probe  
  13  0:12  Probe  
  14  0:17  Pylon  
  14  0:24  Probe (Chrono Boost)  
  16  0:37  Gateway, Probe (Chrono Boost)  
  16  0:42  Probe (Chrono Boost)  
  16  0:46  Assimilator  
  17  0:51  Probe  
  17  0:56  Assimilator  
  18  1:03  Probe  
  19  1:05  Pylon  
  19  1:28  Nexus  
  19  1:39  Cybernetics Core  
  19  1:40  Probe  
  19  1:46  Zealot  
  22  1:54  Pylon  
  22  2:01  Pylon  
  22  2:04  Probe  
  23  2:15  Stalker  
  25  2:16  Probe  
  25  2:18  Warp Gate  
  26  2:28  Probe  
  26  2:40  Probe  
  26  2:41  Probe  
  26  2:42  Robotics Facility  
  28  2:48  Shield Battery  
  28  2:52  Probe  
  28  2:54  Probe  
  30  3:04  Probe  
  31  3:09  Stalker (Chrono Boost)  
  31  3:12  Shield Battery  
  33  3:20  Gateway  
  33  3:28  Immortal (Chrono Boost)  
  37  3:34  Probe (Chrono Boost)  
  37  3:35  Probe (Chrono Boost)  
  41  3:55  Gateway  
  39  3:58  Gateway  
  39  4:00  Warp Prism (Chrono Boost)  
  39  4:06  Pylon  
  39  4:08  Sentry  
  41  4:13  Probe  
  41  4:16  Pylon  
  42  4:18  Sentry  
  44  4:36  Stalker  
  44  4:38  Pylon  
  46  4:41  Adept  
  46  4:53  Stalker x2  
  46  4:54  Probe x2  
  46  4:59  Observer (Chrono Boost)  
  51  5:03  Stalker x2  
  53  5:14  Observer  
  53  5:21  Pylon  
  54  5:26  Stalker x2  
  52  5:45  Adept  
  52  5:48  Stalker  
  52  5:49  Stalker  
  57  6:06  Adept x2  
  57  6:08  Pylon  
  61  6:23  Pylon  
  61  6:46  Probe x2  
  59  6:51  Stalker x2  
  61  6:54  Gateway  
  61  7:06  Probe  
  62  7:10  Pylon  
  62  7:31  Stalker x2  
  62  7:35  Pylon  
  62  7:36  Stalker  
  68  7:50  Adept x4  
  66  8:12  Stalker x3  
  61  8:36  Stalker x3  
Show
View Real Time Build Order
Export as new Build Order

cyan Protoss - Winner!

Build Orders: Blink Stalkers, Zealot Archon, Dark Templar Rush 

Get SALT Encoding   

  12  0:00  Probe  
  13  0:12  Probe  
  14  0:17  Pylon  
  14  0:24  Probe (Chrono Boost)  
  15  0:36  Probe (Chrono Boost)  
  15  0:38  Gateway  
  16  0:45  Probe (Chrono Boost)  
  16  0:46  Assimilator  
  17  0:51  Probe  
  17  0:56  Assimilator  
  18  1:03  Probe (Chrono Boost)  
  19  1:15  Probe (Chrono Boost)  
  20  1:22  Probe (Chrono Boost)  
  21  1:27  Zealot  
  21  1:30  Cybernetics Core, Pylon  
  23  1:48  Probe  
  24  2:00  Probe  
  25  2:04  Stalker (Chrono Boost)  
  25  2:06  Warp Gate  
  27  2:12  Probe  
  28  2:24  Probe  
  28  2:26  Stalker  
  31  2:35  Twilight Council  
  31  2:42  Nexus  
  31  2:48  Pylon  
  31  2:56  Shield Battery  
  31  3:06  Probe  
  31  3:10  Gateway  
  32  3:18  Dark Shrine  
  32  3:22  Pylon  
  32  3:24  Probe  
  33  3:36  Probe  
  34  3:48  Probe  
  34  3:50  Blink (Chrono Boost)  
  34  3:53  Gateway  
  35  3:57  Probe  
  35  4:01  Probe  
  37  4:07  Adept x2  
  37  4:09  Probe  
  42  4:15  Probe  
  43  4:21  Probe  
  43  4:23  Robotics Facility  
  44  4:27  Probe  
  45  4:32  Dark Templar  
  45  4:33  Probe  
  45  4:37  Dark Templar  
  50  4:39  Probe  
  51  4:45  Shield Battery  
  51  4:47  Shield Battery  
  49  5:01  Stalker  
  49  5:05  Stalker  
  49  5:06  Pylon, Shield Battery  
  52  5:14  Probe x2  
  52  5:16  Assimilator  
  52  5:18  Assimilator  
  52  5:19  Dark Templar  
  55  5:25  Pylon  
  55  5:26  Probe x2  
  57  5:28  Stalker  
  59  5:41  Probe  
  58  5:44  Stalker  
  58  5:45  Probe  
  59  6:00  Stalker  
  59  6:01  Immortal (Chrono Boost)  
  59  6:02  Stalker  
  65  6:06  Gateway  
  65  6:08  Gateway  
  65  6:10  Stalker  
  67  6:12  Gateway  
  65  6:19  Shield Battery  
  65  6:22  Shield Battery  
  65  6:32  Archon  
  65  6:35  Immortal  
  66  6:40  Cybernetics Core  
  59  6:47  Zealot x2  
  60  7:05  Dark Templar x2  
  62  7:10  Archon  
  62  7:18  Pylon  
  62  7:21  Pylon  
  62  7:23  Pylon  
  62  7:25  Probe x2  
  60  7:34  Adept  
  60  7:36  Immortal (Chrono Boost)  
  66  7:37  Probe, Pylon  
  66  7:43  Adept  
  69  7:44  Stalker  
  69  7:46  Probe  
  72  7:52  Stalker  
  72  7:58  Stalker  
  72  8:13  Stalker  
  76  8:24  Stalker x2  
  78  8:27  Stalker  
  78  8:30  Stalker  

Tags
 
Add a new tag
Caveats
  • Supply blocks, unpowered buildings, or Contaminate may cause inaccurate times.
  • Supply counts are checked every 10 seconds.